 Dungeon Crawl Stone Soup version 0.21.1-1-g345015f (webtiles) character file.

1615 Fang the Chopper (level 8, -6/51 HPs)
             Began as a Gargoyle Berserker on June 11, 2018.
             Was an Elder of Trog.
             Mangled by Shandris's ghost (8 damage)
             ... on level 5 of the Dungeon.
             The game lasted 00:07:25 (6953 turns).

Fang the Chopper (Gargoyle Berserker)               Turns: 6953, Time: 00:07:25

Health: -6/51      AC:  9    Str: 23    XL:     8   Next: 96%
Magic:  8/8        EV: 13    Int:  8    God:    Trog [****..]
Gold:   361        SH:  0    Dex:  9    Spells: 7/7 levels left

rFire    x . .     SeeInvis .   a - +0 hand axe
rCold    + . .     Gourm    .   (no shield)
rNeg     + + .     Faith    .   b - +0 animal skin
rPois    ∞         Spirit   .   l - +1 helmet
rElec    +         Reflect  .   (no cloak)
rCorr    .         Harm     .   (no gloves)
MR       .....                  (no boots)
Stlth    ++........             (no amulet)
HPRegen  0.17/turn              i - ring of positive energy
MPRegen  0.11/turn              k - ring of ice

@: berserk cooldown, slowed, very slow
A: negative energy resistance 1, electricity resistance, unbreathing,
petrification resistance, rot immunity, AC +5
a: Berserk, Trog's Hand, Brothers in Arms, Burn Spellbooks, Renounce Religion


You were on level 5 of the Dungeon.
You worshipped Trog.
Trog was greatly pleased with you.
You were near starving.

You visited 1 branch of the dungeon, and saw 5 of its levels.

You collected 361 gold pieces.

Inventory:

Hand Weapons
 a - a +0 hand axe (weapon)
Armour
 b - a +0 animal skin (worn)
 l - a +1 helmet (worn)
Jewellery
 i - a ring of positive energy (left hand)
 k - a ring of ice (right hand)
Wands
 f - a wand of iceblast (4)
Scrolls
 d - 5 scrolls of remove curse
 e - a scroll of identify
Potions
 g - a potion of flight {unknown}
 h - 2 potions of berserk rage
 j - a potion of curing
 n - 2 potions of agility
 p - 2 potions of ambrosia
 s - a potion of invisibility
Books
 o - a book of Necromancy

   Spells                             Type                      Level
   a - Pain                           Necromancy                   1
   b - Animate Skeleton               Necromancy                   1
   c - Vampiric Draining              Necromancy                   3
   d - Regeneration                   Charms/Necromancy            3
   e - Animate Dead                   Necromancy                   4
   f - Borgnjor's Vile Clutch         Necromancy/Earth             5
   Trog disapproves of the use of such an item.
Comestibles
 c - 5 rations


   Skills:
 + Level 6.1 Fighting
 + Level 7.9 Axes
 + Level 2.2 Armour
 + Level 4.5 Dodging
 + Level 2.4 Stealth


You had 7 spell levels left.
You didn't know any spells.

Dungeon Overview and Level Annotations

Branches:
Dungeon (5/15)             Temple (0/1) D:5

Altars:
Dithmenos
Fedhas
Nemelex Xobeh
Okawaru
Qazlal
Sif Muna

Shops:
D:5 =

Annotations:
D:3 exclusion: oklob plant
D:5 Shandris's ghost, novice MiCK


Innate Abilities, Weirdness & Mutations

You are resistant to torment.
Your stone body is resilient. (AC +5)
You are immune to poison.
You resist negative energy. (rN+)
You are resistant to electric shocks. (rElec)
You can survive without breathing.
You are immune to petrification.
You are immune to rotting.


Message History

* * * LOW HITPOINT WARNING * * *
Shandris's ghost says, "Try not to bleed too much."
Shandris's ghost closely misses you.
You hit Shandris's ghost.
Shandris's ghost is almost destroyed.
Shandris's ghost misses you.
You hit Shandris's ghost but do no damage.
Shandris's ghost is almost destroyed.
Shandris's ghost hits you.
* * * LOW HITPOINT WARNING * * *
You closely miss Shandris's ghost.
Shandris's ghost is almost destroyed.
Shandris's ghost hits you.
* * * LOW HITPOINT WARNING * * *
You hit Shandris's ghost but do no damage.
Shandris's ghost is almost destroyed.
Shandris's ghost hits you.
* * * LOW HITPOINT WARNING * * *
Shandris's ghost hits you!
You die...

#.# #..# #. #.# #..# #######.
###.#####..# ########.......
#..........# ###........#####.
####.........####...######## ###.
#8.8.8........##..### ##...
#.⌠.⌠.......#...<## ###....
#8.∩.8..........W### #####.....#
#.⌠.⌠^......#.##@..####.....#...#
#8.8.8......#...##.......###...##
##..........###.###..###.........
#####.#.#### #.##..#######...###
#...# #.#...##......#.# ####..###
#........######.###
#>......####........# #....
####.##.......#####.######....
#.###.####.....#...........


You could see Shandris's ghost.

Vanquished Creatures
  Pikel (D:4)
  Sigmund (D:5)
  Menkaure (D:5)
  A phantom (D:5)
  2 slaves (D:4)
  The ghost of dagenix the Shield-Bearer, an amateur HOFi (D:4)
  A centaur (D:5)
  An ogre (D:5)
  A quasit (D:5)
  A hound (D:5)
  2 orc wizards
  2 orc priests (D:4)
  2 iguanas (D:4)
  2 worker ants
  2 gnolls (D:4)
  A howler monkey skeleton (D:4)
  16 adders
  A shadow imp (D:5)
  2 oozes
  3 worms
  A dart slug (D:1)
  2 leopard geckos
  14 orcs
  6 bats
  2 giant cockroaches (D:3)
  9 goblins
  6 hobgoblins
  11 jackals
  2 quokkas (D:3)
  3 ball pythons
  6 frilled lizards
  12 kobolds
  A leopard gecko skeleton (D:4)
  8 rats
127 creatures vanquished.

Vanquished Creatures (others)
  A slave (D:5)
  A leopard gecko (D:5)
2 creatures vanquished.

Grand Total: 129 creatures vanquished

Notes
Turn   | Place    | Note
-------+----------+-------------------------------------------
     0 | D:1      | Fang the Gargoyle Berserker began the quest for the Orb.
     0 | D:1      | Reached XP level 1. HP: 14/14 MP: 1/1
   126 | D:1      | Reached skill level 3 in Axes
   126 | D:1      | Reached XP level 2. HP: 8/19 MP: 2/2
   155 | D:1      | HP: 1/28 [jackal (3)]
   622 | D:1      | You fall through a shaft!
   625 | D:2      | Reached XP level 3. HP: 19/23 MP: 3/3
   740 | D:2      | Found a stormy altar of Qazlal.
   853 | D:2      | Reached ** piety under Trog
   969 | D:2      | Reached XP level 4. HP: 9/29 MP: 4/4
  1361 | D:2      | Reached skill level 4 in Axes
  1433 | D:2      | Found a deep blue altar of Sif Muna.
  2678 | D:3      | Reached XP level 5. HP: 31/33 MP: 5/5
  2961 | D:3      | Reached *** piety under Trog
  3136 | D:3      | Found a blossoming altar of Fedhas.
  3149 | D:3      | Noticed an oklob plant
  3865 | D:4      | Noticed dagenix's ghost (amateur HOFi)
  3878 | D:4      | Reached skill level 1 in Stealth
  3878 | D:4      | Reached XP level 6. HP: 38/38 MP: 6/6
  3883 | D:4      | Killed dagenix's ghost
  3883 | D:4      | Reached skill level 5 in Axes
  3942 | D:4      | Found a shadowy altar of Dithmenos.
  4312 | D:4      | Found a sparkling altar of Nemelex Xobeh.
  4487 | D:4      | Found an iron altar of Okawaru.
  4496 | D:4      | Reached XP level 7. HP: 38/44 MP: 7/7
  5097 | D:5      | Entered Level 5 of the Dungeon
  5103 | D:5      | Noticed Pikel
  5759 | D:4      | Killed Pikel
  5759 | D:4      | Reached skill level 5 in Fighting
  5759 | D:4      | Reached skill level 6 in Axes
  5759 | D:4      | Reached XP level 8. HP: 49/49 MP: 8/8
  5845 | D:5      | Reached skill level 7 in Axes
  5849 | D:5      | Noticed Menkaure
  5926 | D:5      | Killed Menkaure
  5929 | D:5      | Found a staircase to the Ecumenical Temple.
  6203 | D:5      | Noticed Sigmund
  6217 | D:5      | Killed Sigmund
  6217 | D:5      | Reached **** piety under Trog
  6509 | D:5      | Found Ateqicw's Jewellery Boutique.
  6544 | D:5      | Noticed Shandris's ghost (novice MiCK)
  6953 | D:5      | HP: 2/51 [Shandris's ghost (1)]
  6953 | D:5      | Mangled by Shandris's ghost

Skill      XL: |  1  2  3  4  5  6  7  8 |
---------------+-------------------------+-----
Axes           | 3 4 5 6 7 |  7.9
Dodging        | 2 3 4 |  4.5
Fighting       | 4 5 6 |  6.1
Stealth        | 1 2 |  2.4
Armour         | |  2.2

Action                   |  1- 3 |  4- 6 |  7- 9 || total
-------------------------+-------+-------+-------++-------
Melee: Hand axe          |   107 |   245 |   198 ||   550
Invok: Berserk           |     1 |     3 |     9 ||    13
  Use: Scroll            |       |       |     9 ||     9
       Potion            |       |       |     3 ||     3
 Stab: Sleeping          |       |     2 |       ||     2
  Eat: Chunk             |     1 |    14 |     8 ||    23
       Ration            |       |       |     2 ||     2
Armor: Animal skin       |    35 |   106 |   100 ||   241
Dodge: Dodged            |    78 |   199 |   164 ||   441
